 Dungeon Crawl Stone Soup version 0.25.0-9-g26727b657a (webtiles) character file.

Game seed: 10917310556001527085

67 mopl the Chopper (level 4, -8/35 HPs)
             Began as a Demonspawn Fighter on June 21, 2020.
             Killed by nerve-wracking pain
             ... invoked by an orc priest
              (11 damage)
             ... on level 3 of the Dungeon.
             The game lasted 00:01:56 (1469 turns).

mopl the Chopper (Demonspawn Fighter)               Turns: 1469, Time: 00:01:57

Health: -8/35      AC:  6    Str: 17    XL:     4   Next: 0%
Magic:  4/4        EV:  6    Int:  9    God:
Gold:   79         SH:  8    Dex: 13    Spells: 3/3 levels left

rFire    . . .     SeeInvis .   a - +0 war axe
rCold    . . .     Gourm    .   c - +0 kite shield
rNeg     . . .     Faith    .   b - +0 scale mail
rPois    .         Spirit   .   (helmet restricted)
rElec    .         Reflect  .   (no cloak)
rCorr    .         Harm     .   (no gloves)
MR       .....                  (no boots)
Stlth    ..........             (no amulet)
HPRegen  0.11/turn              (no ring)
MPRegen  0.09/turn              (no ring)

@: no status effects
A: antennae 1
a: no special abilities


You were on level 3 of the Dungeon.
You were not hungry.

You visited 1 branch of the dungeon, and saw 3 of its levels.

You collected 79 gold pieces.

Inventory:

Hand Weapons
 a - a +0 war axe (weapon)
Armour
 b - a +0 scale mail (worn)
 c - a +0 kite shield (worn)
Wands
 k - a wand of paralysis (7)
Scrolls
 e - a scroll of noise {unknown}
 g - 2 scrolls of identify {unknown}
 l - a scroll of magic mapping {unknown}
Potions
 d - 2 potions of might
 h - a potion of stabbing {unknown}
 i - 2 potions of brilliance {unknown}
 j - a potion of resistance {unknown}
 n - a potion of heal wounds {unknown}
Comestibles
 f - 3 rations


   Skills:
 - Level 3.0 Fighting
 + Level 3.9 Axes
 - Level 2.6 Armour
 - Level 2.6 Shields


You had 3 spell levels left.
You didn't know any spells.
Your spell library was empty.

Dungeon Overview and Level Annotations

Branches:
Dungeon (3/15)

Altars:
Fedhas


Innate Abilities, Weirdness & Mutations

You have a pair of small antennae on your head.


Message History

You hit the orc priest but do no damage.
The orc priest hits you but does no damage.
The orc priest hits you with a +0 falchion.
Unknown command.
You hit the orc priest but do no damage.
The orc priest is heavily wounded.
You closely miss the orc priest. You block the orc priest's attack.
The orc priest barely misses you.
The orc priest miscasts a cantrip.
Unknown command.
You hit the orc priest.
The orc priest is almost dead.
You hit the orc priest but do no damage.
You block the orc priest's attack.
The orc priest mumbles some strange prayers to Beogh against you.
Beogh smites you!
* * * LOW HITPOINT WARNING * * *
The orc priest invokes the aid of Beogh against you.
Pain shoots through your body!
You die...

#.# #.# #.####
#########.##..
#.........##.#
##.##########.# ##.#
#...##.# #
##.#####.#.##.####.#####
................@o{.....
########.#.##.#.o#.#####
########.#.##.##.# #
)..........##.##...
######...####.###..#
###......# ... ..#
......<..# #.# ..#
.........# #.. ..#
..........


You could see 2 orc priests.

Vanquished Creatures
  2 adders
  An ooze (D:3)
  2 worms (D:2)
  2 dart slugs
  An orc (D:3)
  2 bats
  2 giant cockroaches
  5 goblins
  6 hobgoblins
  3 frilled lizards
  4 kobolds
  5 rats
35 creatures vanquished.

Notes
Turn   | Place    | Note
-------+----------+-------------------------------------------
     0 | D:1      | mopl the Demonspawn Fighter began the quest for the Orb.
     0 | D:1      | Reached XP level 1. HP: 18/18 MP: 1/1
   195 | D:1      | Gained mutation: You have a pair of small antennae on your
                  | head. [demonic ancestry]
   195 | D:1      | Reached XP level 2. HP: 23/24 MP: 2/2
   543 | D:2      | Reached XP level 3. HP: 20/29 MP: 3/3
   727 | D:2      | Found a blossoming altar of Fedhas.
  1463 | D:3      | Reached XP level 4. HP: 30/35 MP: 4/4
  1469 | D:3      | Killed from afar by an orc priest

Illustrated notes

Levels and vault maps discovered:
D:1:      co_arrival_random_square_maze, layout_rooms
D:2:      layout_basic, fedhas_altar_1
D:3:      layout_basic, st_stairs_6, chequers_jeans

Skill      XL: |  1  2 |
---------------+-------+-----
Axes           | 2 3 |  3.9
Fighting       | |  3.0
Armour         | |  2.6
Shields        | |  2.6

Action                   |  1- 3 |  4- 6 || total
-------------------------+-------+-------++-------
Melee: War axe           |    97 |     6 ||   103
  Eat: Chunk             |     2 |       ||     2
Armor: Scale mail        |    46 |     2 ||    48
Dodge: Dodged            |    31 |     2 ||    33
Block: Kite shield       |    43 |     4 ||    47
